cohdb
Replays
Latest Replays
All Replays
Popular Replays
Top Player Replays
Match Explorer
How It Works
Community
CoH3 Stats
Reddit
Sign in to upload your games and track your stats! →
Sign in with Steam
Match 43608908
Unlisted
Match 43608908
Overview
Messages
Build Orders
End
Vickers Machine Gun Team
Construct Section Command Post
Selects Canadian Shock Battlegroup
Infantry Section
Infantry Section
Selects Attacking Spirit
Selects Canadian Shock Section
Canadian Shock Section
Canadian Shock Section
Construct Platoon Command Post
Selects Burnout
Burnout
Construct Company Command Post
Canadian Shock Section
Selects Pyrotechnics
Matilda II Heavy Tank
Canadian Shock Section
Burnout
Infantry Training
Burnout
Canadian Shock Section
Armored Vehicle Training
Selects Churchill Crocodile Heavy Tank
Churchill Crocodile Heavy Tank
Pablito
RN42
MightyOstrich
NoX
sigounet
Gernhardt Reinlunzen
Wittman
King Raptor
0
0
Comments
sign in to comment!
No comments posted yet!